 Dungeon Crawl Stone Soup version 0.24-a0-201-gf205589 (webtiles) character file.

Game seed: 11192406511618796558

98 Borgoz the Cutter (level 4, 0/27 HPs)
             Began as a Gargoyle Gladiator on Mar 25, 2019.
             Slain by a gnoll
             ... wielding a +0 spear
              (10 damage)
             ... on level 2 of the Dungeon.
             The game lasted 00:02:32 (1517 turns).

Borgoz the Cutter (Gargoyle Gladiator)              Turns: 1517, Time: 00:02:32

Health: 0/27       AC:  7    Str: 17    XL:     4   Next: 71%
Magic:  5/5        EV: 12    Int: 10    God:
Gold:   70         SH:  0    Dex: 11    Spells: 5/5 levels left

rFire    . . .     SeeInvis .   a - +0 rapier
rCold    . . .     Gourm    .   (no shield)
rNeg     + . .     Faith    .   b - +0 leather armour
rPois    ∞         Spirit   .   c - +0 helmet
rElec    +         Reflect  .   (no cloak)
rCorr    .         Harm     .   (no gloves)
MR       .....                  (no boots)
Stlth    ++........             (no amulet)
HPRegen  0.09/turn              (no ring)
MPRegen  0.09/turn              (no ring)

@: no status effects
A: thin skeletal structure 1, clumsy 1, mutation resistance 1, negative energy
resistance 1, electricity resistance, unbreathing, petrification resistance, rot
immunity, AC +3
a: no special abilities


You were on level 2 of the Dungeon.
You were not hungry.

You visited 1 branch of the dungeon, and saw 2 of its levels.

You collected 70 gold pieces.

Inventory:

Hand Weapons
 a - a +0 rapier (weapon)
Missiles
 d - 4 throwing nets (quivered)
Armour
 b - a +0 leather armour (worn)
 c - a +0 helmet (worn)
Scrolls
 e - 3 scrolls of fear {unknown}
 g - a scroll of identify {unknown}
 h - a scroll of remove curse {unknown}
 i - a scroll of fog {unknown}
Potions
 j - a potion of invisibility {unknown}
Comestibles
 f - 6 rations


   Skills:
 + Level 2.8 Fighting
 * Level 3.2 Short Blades
 + Level 2.1 Throwing
 + Level 1.1 Armour
 * Level 2.9 Dodging
 + Level 1.3 Stealth
 + Level 1.1 Spellcasting


You had 5 spell levels left.
You didn't know any spells.
Your spell library was empty.

Dungeon Overview and Level Annotations

Branches:
Dungeon (2/15)

Altars:


Innate Abilities, Weirdness & Mutations

You are resistant to torment.
Your stone body is resilient. (AC +3)
You are immune to poison.
You resist negative energy. (rN+)
You are resistant to electric shocks. (rElec)
You can survive without breathing.
You are immune to petrification.
You are immune to rotting.
You have a somewhat thin skeletal structure. (Dex +2, Stealth)
You are clumsy. (Dex -2)
You are somewhat resistant to further mutation.


Message History

The gnoll is almost dead.
The gnoll barely misses you. The gnoll hits you but does no damage.
The gnoll closely misses you.
You hit the gnoll.
You kill the gnoll!
The gnoll barely misses you.
The gnoll hits you from afar with a +0 spear.
The gnoll closely misses you. The gnoll hits you but does no damage.
You closely miss the gnoll. The gnoll misses you.
The gnoll hits you but does no damage.
You barely miss the gnoll. The gnoll completely misses you.
The gnoll closely misses you.
You closely miss the gnoll. The gnoll hits you with a +0 spear.
The gnoll barely misses you.
You puncture the gnoll!
The gnoll is heavily wounded.
The gnoll hits you but does no damage.
A hobgoblin comes into view.
The gnoll barely misses you. The gnoll hits you with a +0 spear!
You die...

#####....####.........#
#...## ##........#
##.## ##.....#.. .#
##...#### .# ##'## .#
#####.# g..#.# #.#.##
#g@).# #.g...# ......##
##..#.## #..... ...#.##
#####.# .#


You could see 2 gnolls and a hobgoblin.

Vanquished Creatures
  Terence (D:2)
  2 adders (D:2)
  2 gnolls
  An ooze (D:1)
  2 giant cockroaches (D:1)
  A goblin (D:1)
  6 hobgoblins
  3 ball pythons
  7 bats
  A frilled lizard (D:1)
  4 kobolds (D:1)
  3 rats (D:1)
33 creatures vanquished.

Notes
Turn   | Place    | Note
-------+----------+-------------------------------------------
     0 | D:1      | Borgoz the Gargoyle Gladiator began the quest for the Orb.
     0 | D:1      | Reached XP level 1. HP: 12/12 MP: 1/1
   148 | D:1      | Reached XP level 2. HP: 17/17 MP: 2/2
   700 | D:1      | Reached XP level 3. HP: 22/22 MP: 3/3
   771 | D:1      | Reached skill level 3 in Short Blades
  1018 | D:2      | Reached skill level 1 in Stealth
  1203 | D:2      | Noticed Terence
  1223 | D:2      | Gained mutation: You are clumsy. (Dex -2) [potion of
                  | mutation]
  1223 | D:2      | Gained mutation: You have a somewhat thin skeletal
                  | structure. (Dex +2, Stealth) [potion of mutation]
  1223 | D:2      | Gained mutation: You are somewhat resistant to further
                  | mutation. [potion of mutation]
  1227 | D:2      | Killed Terence
  1227 | D:2      | Reached skill level 1 in Armour
  1227 | D:2      | Reached skill level 1 in Spellcasting
  1227 | D:2      | Reached XP level 4. HP: 5/27 MP: 5/5
  1517 | D:2      | Slain by a gnoll

Levels and vault maps discovered:
D:1:      minmay_arrival_solitary_statue, layout_basic, serial_forest,
          infiniplex_forest_clump_diagonal, infiniplex_forest_straight_4,
          infiniplex_forest_clump_curved, infiniplex_forest_straight_3,
          minmay_misc_feat_ornament
D:2:      layout_loops_corners, minmay_misc_feat_four_crosses, uniq_terence

Skill      XL: |  1  2  3 |
---------------+----------+-----
Throwing       | 2 |  2.1
Short Blades   | 3 |  3.2
Stealth        | 1 |  1.3
Armour         | 1 |  1.1
Spellcasting   | 1 |  1.1
Fighting       | |  2.8
Dodging        | |  2.9

Action                   |  1- 3 |  4- 6 || total
-------------------------+-------+-------++-------
Melee: Rapier            |   126 |    13 ||   139
  Use: Potion            |     1 |       ||     1
  Eat: Chunk             |     1 |     1 ||     2
Armor: Leather armour    |    42 |     6 ||    48
Dodge: Dodged            |    95 |    15 ||   110

Table legend:
 A = Non-vault XP
 B = Vault XP
 C = Vault XP percentage of total XP
 D = Non-vault monster count
 E = Vault monster count
 F = Vault count percentage of total count
                 A         B        C        D         E       F
            +---------+---------+-------+---------+---------+-------
      Total |     105 |      36 |  25.5 |      32 |       1 |   3.0
            +---------+---------+-------+---------+---------+-------
        D:1 |      55 |       0 |   0.0 |      24 |       0 |   0.0
        D:2 |      50 |      36 |  41.9 |       8 |       1 |  11.1
            +---------+---------+-------+---------+---------+-------
